 Dungeon Crawl Stone Soup version 0.30-b1-2-g02819fbbbe (webtiles) character file.

Game seed: 17469187183985511746

4 Alarkh the Sneak (level 1, -2/18 HPs)
             Began as a Demonspawn Delver on May 22, 2023.
             Slain by an ufetubus (3 damage)
             ... on level 5 of the Dungeon.
             The game lasted 00:00:30 (83 turns).

Alarkh the Sneak (Demonspawn Delver)                  Turns: 83, Time: 00:00:31

Health: -2/18      AC:  3    Str: 12    XL:     1   Next: 50%
Magic:  1/1        EV: 11    Int: 11    God:
Gold:   7          SH:  0    Dex: 14    Spells: 0/0 levels left

rFire   . .          .
                       - Unarmed
rCold   . . .        (no shield)
rNeg    . . .        a - +0 leather armour
rPois   .            (no helmet)
rElec   .            (no cloak)
rCorr   .            (no gloves)
SInv    .            (no boots)
Will    .....        (no amulet)
Stlth   ++           (no ring)
HPRegen 0.23/turn    (no ring)
MPRegen 0.07/turn

%: no passive effects
@: no status effects
A: no striking features
a: no special abilities


You were on level 5 of the Dungeon.
You visited 1 branch of the dungeon, and saw 2 of its levels.

You collected 7 gold pieces.

Inventory:

Armour
 a - a +0 leather armour (worn)
Wands
 f - a wand of digging (3)
Scrolls
 b - a scroll of fog
 c - a scroll of magic mapping
 d - a scroll of fear
Potions
 e - a potion of haste


   Skills:
 - Level 3.0 Fighting
 - Level 1.7 Dodging
 - Level 4.5 Stealth
 + Level 2.1 Unarmed Combat


You couldn't memorise any spells.
You didn't know any spells.
Your spell library was empty.

Dungeon Overview and Level Annotations

Branches:
Dungeon (5/15)
 Temple: D:4-7

Altars:

Annotations:
D:4 Robin


Message History

An ufetubus is nearby!
The ufetubus shouts!
You hit the ufetubus.
The ufetubus is severely wounded.
The ufetubus closely misses you.
The ufetubus hits you but does no damage.
You hit the ufetubus but do no damage.
The ufetubus is severely wounded.
The ufetubus barely misses you. The ufetubus closely misses you.
The ufetubus hits you. The ufetubus closely misses you.
You hit the ufetubus but do no damage.
The ufetubus is severely wounded.
The ufetubus barely misses you. The ufetubus closely misses you.
You barely miss the ufetubus.
The ufetubus is severely wounded.
The ufetubus closely misses you. The ufetubus hits you.
The ufetubus barely misses you. The ufetubus closely misses you.
You hit the ufetubus but do no damage.
The ufetubus is severely wounded.
The ufetubus barely misses you. The ufetubus hits you.
You hit the ufetubus but do no damage.
The ufetubus is severely wounded.
The ufetubus closely misses you. x2; The ufetubus misses you.
The ufetubus closely misses you.
You hit the ufetubus but do no damage.
The ufetubus is severely wounded.
The ufetubus barely misses you. The ufetubus hits you.
* * * LOW HITPOINT WARNING * * *
You closely miss the ufetubus.
The ufetubus is severely wounded.
The ufetubus hits you.
* * * LOW HITPOINT WARNING * * *
The ufetubus misses you.
Okay, then.
You miss the ufetubus.
The ufetubus is severely wounded.
The ufetubus hits you.
* * * LOW HITPOINT WARNING * * *
The ufetubus misses you. The ufetubus hits you.
You die...

......... ....# .
....... ..... ###.
....####.....
.....#............
.....#>..#........
<.........#........
..........#........
..........#........
.........<#@.......
##.......†#.5......
.......5...........
##........##.......
..######.# #######
## #.# #.# #.# #.#


You could see an ufetubus.

Vanquished Creatures
  A giant cockroach (D:4)
  A goblin (D:4)
  A hobgoblin (D:5)
3 creatures vanquished.

Notes
Turn   | Place    | Note
-------+----------+-------------------------------------------
     0 | D:5      | Alarkh the Demonspawn Delver began the quest for the Orb.
     0 | D:5      | Reached XP level 1. HP: 18/18 MP: 1/1
    34 | D:4      | Noticed Robin
    83 | D:5      | Slain by an ufetubus

Illustrated notes

Levels and vault maps discovered:
D:4:      nicolae_cairo_tiling_large_dashed, layout_rooms, minitemple,
          uniq_robin, uniq_crazy_yiuf_cottage, uniq_natasha
D:5:      layout_basic, mainiacjoe_overflow_swirl, serial_glass,
          glass_columns_b, glass_columns_b, glass_columns_b, glass_columns_b,
          glass_columns_b, glass_columns_a, glass_columns_b, glass_columns_a,
          uniq_eustachio, uniq_duvessa

Skill      XL: |  1 |
---------------+----+-----
Unarmed Combat | 2 |  2.1
Fighting       | |  3.0
Dodging        | |  1.7
Stealth        | |  4.5

Action                     || total
---------------------------++-------
  Melee: Unarmed           ||    21
 Armour: Leather armour    ||     3
  Dodge: Dodged            ||    22
